 Dungeon Crawl Stone Soup version 0.26-a0-996-g6b303dbc09 (webtiles) character file.

Game seed: 1948795686856357313

5523 Gildeon the Cleaver (level 10, -12/81 HPs)
             Began as a Minotaur Fighter on Dec 5, 2020.
             Was a High Priest of Cheibriados.
             Hit by a large rock thrown by a cyclops (30 damage)
             ... on level 9 of the Dungeon on Dec 6, 2020.
             The game lasted 00:28:47 (7896 turns).

Gildeon the Cleaver (Minotaur Fighter)              Turns: 7896, Time: 00:28:47

Health: -12/81     AC: 13    Str: 35    XL:     10   Next: 43%
Magic:  10/10      EV: 12    Int: 17    God:    Cheibriados [*****.]
Gold:   338        SH: 14    Dex: 23    Spells: 9/9 levels left

rFire    . . .     SeeInvis +   a - +0 war axe
rCold    + . .     Faith    .   c - +0 kite shield
rNeg     . . .     Spirit   .   D - +2 chain mail {rC+}
rPois    .         Reflect  .   (helmet restricted)
rElec    .         Harm     .   (no cloak)
rCorr    .         Rampage  .   (no gloves)
MR       +....                  g - +0 pair of boots
Stlth    ..........             (no amulet)
HPRegen  0.23/turn              b - ring of see invisible
MPRegen  0.12/turn              s - ring of protection from magic

@: very slow
A: retaliatory headbutt, horns 2
a: Bend Time, Temporal Distortion, Slouch, Step From Time, Renounce Religion


You were on level 9 of the Dungeon.
You worshipped Cheibriados.
Cheibriados was extremely pleased with you.
You visited 2 branches of the dungeon, and saw 10 of its levels.
You also visited: Sewer.

You collected 600 gold pieces.
You spent 262 gold pieces at shops.

Inventory:

Hand Weapons
 a - a +0 war axe (weapon)
 p - a +4 scimitar of flaming
 z - a +2 flail
Armour
 c - a +0 kite shield (worn)
 g - a +0 pair of boots (worn)
 m - the +4 ring mail of Grace {rC+ Int+4, unknown}
   (You found it on level 8 of the Dungeon)

   It affects your intelligence (+4).
   It protects you from cold.
 D - a +2 chain mail of cold resistance (worn)
Jewellery
 b - a ring of see invisible (left hand)
 k - an uncursed ring of protection from fire
 s - a ring of protection from magic (right hand)
Wands
 y - a wand of disintegration (20)
 C - a wand of paralysis (6)
Scrolls
 e - 5 scrolls of amnesia
 f - 13 scrolls of teleportation
 j - 8 scrolls of remove curse
 l - a scroll of enchant armour {unknown}
 n - a scroll of blinking
 q - 2 scrolls of magic mapping
 t - 2 scrolls of enchant weapon
 u - 2 scrolls of identify
 w - 3 scrolls of fear
Potions
 d - 5 potions of might
 h - 2 potions of brilliance
 i - 5 potions of curing
 o - a potion of invisibility
 r - 2 potions of magic
 A - 5 potions of heal wounds


   Skills:
 + Level 5.4 Fighting
 + Level 12.4 Axes
 - Level 5.0 Armour
 - Level 5.0 Dodging
 + Level 9.8 Shields
 + Level 1.4 Invocations
 - Level 5.0 Evocations


You had 9 spell levels left.
You didn't know any spells.
Your spell library contained the following spells:

 Spells                   Type           Power        Failure   Level
 Summon Small Mammal      Summ           #...         87%         1
 Call Imp                 Summ           #.......     95%         2
 Call Canine Familiar     Summ           #.......     99%         3
 Confusing Touch          Hex            #.......     99%         3
 Gell's Gravitas          Tloc           #.........   99%         3
 Summon Guardian Golem    Hex/Summ       #.......     99%         3
 Petrify                  Tmut/Erth      #.......     100%        4
 Summon Ice Beast         Ice/Summ       #.......     100%        4
 Summon Lightning Spire   Summ/Air       #.......     100%        4
 Metabolic Englaciation   Hex/Ice        #.........   100%        5
 Yara's Violent Unravell  Hex/Tmut       #.........   100%        5


Dungeon Overview and Level Annotations

Branches:
Dungeon (9/15)             Temple (1/1) D:4           Sewer (visited)
   Lair: D:8-11         Orc: D:9-12

Altars:
Ashenzari
Cheibriados
Dithmenos
Elyvilon
Fedhas
Gozag
Hepliaklqana
Makhleb
Nemelex Xobeh
Okawaru
Qazlal
Ru
Sif Muna
Trog
Uskayaw
Vehumet
Wu Jian
Xom
Yredelemnul
Zin
The Shining One

Shops:
D:6 ?


Innate Abilities, Weirdness & Mutations

You reflexively headbutt those who attack you in melee.
You have a pair of horns on your head.


Message History

You feel much better. The centaur zombie misses you. You furiously retaliate!
You headbutt the centaur zombie.
The red ugly thing completely misses you.
You furiously retaliate!
You headbutt the red ugly thing!
You kill the red ugly thing!
Cheibriados thoroughly appreciates the change of pace.
The centaur zombie barely misses you.
Your Invocations skill increases to level 1!
A cyclops comes into view.
The centaur zombie hits you but does no damage.
You see here an ugly thing corpse.
You slash the centaur zombie!
You destroy the centaur zombie!
Cheibriados thoroughly appreciates the change of pace.
The cyclops throws a large rock.
You block the large rock.
The cyclops throws a large rock.
The large rock hits you!!
* * * LOW HITPOINT WARNING * * *
You see here a large rock.
The cyclops throws a large rock.
The large rock hits you!!
You die...

#. ... # #..## ##....
..#C.#. .#.... ...... ......
....###...... ##†.....##
#..†(....# #[.#..#..# ..
####@.#### ... #?$#..#..#
.#... . ....... #........#
..... .###...
...###.....†###..... ......
......###.......... ....
...... #........... #..#
.#..#. #..#........
##..#######..#######...####.
.#..#..#[.#..#..#..#......#


You could see a cyclops.

Vanquished Creatures
  Erica (D:8)
  A two-headed ogre (D:7)
  An ugly thing (D:9)
  Grinder (D:6)
  Prince Ribbit (D:5)
  A yak (D:9)
  Edmund (D:5)
  A soldier ant (D:8)
  Duvessa (D:5)
  2 ice beasts
  A sky beast (D:6)
  3 ogres
  3 orc warriors
  3 centaurs
  Blork the orc (D:6)
  2 bullfrogs
  Dowan (D:5)
  2 scorpions
  5 wights (D:7)
  3 electric eels (D:8)
  A howler monkey (D:5)
  A centaur zombie (D:9)
  A bullfrog zombie (D:5)
  5 hounds
  A jelly (D:6)
  4 bullfrog skeletons
  4 orc priests
  7 orc wizards
  A centaur skeleton (D:5)
  Ijyb (D:5)
  An iguana (D:9)
  7 worker ants
  A hound zombie (D:6)
  3 hound skeletons
  11 adders
  2 gnolls
  A shadow imp (D:6)
  2 white imps
  2 ufetubi
  3 oozes
  2 adder skeletons
  2 worms
  6 dart slugs
  8 leopard geckos
  19 orcs
  6 ball pythons (Sewer)
  12 bats
  4 giant cockroaches
  6 goblins
  9 hobgoblins
  24 jackals
  4 quokkas
  9 frilled lizards
  15 kobolds
  4 leopard gecko skeletons
  8 rats
232 creatures vanquished.

Vanquished Creatures (others)
  18 plants (Sewer)
  2 withered plants (D:4)
20 creatures vanquished.

Grand Total: 252 creatures vanquished

Notes
Turn   | Place    | Note
-------+----------+-------------------------------------------
     0 | D:1      | Gildeon the Minotaur Fighter began the quest for the Orb.
     0 | D:1      | Reached XP level 1. HP: 19/19 MP: 0/0
    30 | D:1      | Reached skill level 3 in Axes
   185 | D:1      | Reached XP level 2. HP: 21/26 MP: 1/1
   337 | D:1      | Reached skill level 4 in Axes
   337 | D:1      | Reached XP level 3. HP: 17/31 MP: 2/2
   813 | D:2      | Reached skill level 5 in Axes
   815 | D:2      | Reached XP level 4. HP: 39/39 MP: 3/3
   881 | D:2      | Found a white marble altar of Elyvilon.
   985 | D:2      | Reached skill level 6 in Axes
  1269 | D:2      | Found a snail-covered altar of Cheibriados.
  1276 | D:2      | Became a worshipper of Cheibriados the Contemplative
  1560 | D:3      | Reached XP level 5. HP: 42/45 MP: 4/4
  1601 | D:3      | Reached * piety under Cheibriados
  2029 | D:4      | Found a basalt altar of Yredelemnul.
  2041 | D:4      | Found a staircase to the Ecumenical Temple.
  2050 | Temple   | Entered the Ecumenical Temple
  2283 | D:4      | Found a sacrificial altar of Ru.
  2295 | D:4      | Reached skill level 7 in Axes
  2336 | D:4      | Reached XP level 6. HP: 38/51 MP: 5/5
  2877 | D:4      | Found a hide-covered altar of Uskayaw.
  2888 | D:4      | Found a blossoming altar of Fedhas.
  2909 | D:5      | Entered Level 5 of the Dungeon
  2909 | D:5      | Found a bloodstained altar of Trog.
  2911 | D:5      | Noticed Ijyb
  2923 | D:5      | Paralysed by Ijyb for 2 turns
  2930 | D:5      | Noticed Duvessa
  2932 | D:5      | Paralysed by Ijyb for 3 turns
  2933 | D:5      | Reached skill level 8 in Axes
  2933 | D:5      | Noticed Dowan
  2935 | D:5      | Killed Ijyb
  2943 | D:5      | Killed Duvessa
  2945 | D:5      | Reached ** piety under Cheibriados
  2946 | D:5      | Reached XP level 7. HP: 37/60 MP: 6/6
  2947 | D:5      | Killed Dowan
  2996 | D:5      | Found a stormy altar of Qazlal.
  3002 | D:5      | Noticed Edmund
  3018 | D:5      | Killed Edmund
  3019 | D:5      | Reached skill level 5 in Fighting
  3019 | D:5      | Reached skill level 5 in Armour
  3021 | D:5      | Reached skill level 9 in Axes
  3036 | D:5      | Noticed Prince Ribbit
  3043 | D:5      | Killed Prince Ribbit
  3044 | D:5      | Reached skill level 1 in Dodging
  3047 | D:5      | Found a glowing drain.
  3065 | Sewer    | Entered a sewer
  3846 | D:5      | Reached XP level 8. HP: 64/68 MP: 7/7
  3846 | D:5      | Reached *** piety under Cheibriados
  4053 | D:5      | Reached skill level 5 in Shields
  4200 | D:6      | Found Zirgh's Magic Scroll Emporium.
  4200 | D:6      | Noticed Blork the orc
  4206 | D:6      | Killed Blork the orc
  4226 | D:6      | Bought a scroll of identify for 30 gold pieces
  4226 | D:6      | Bought a scroll of identify for 30 gold pieces
  4226 | D:6      | Bought a scroll of identify for 30 gold pieces
  4226 | D:6      | Bought a scroll of identify for 30 gold pieces
  4226 | D:6      | Bought a scroll of identify for 30 gold pieces
  4226 | D:6      | Bought a scroll of enchant weapon for 112 gold pieces
  4626 | D:6      | Reached skill level 10 in Axes
  4711 | D:6      | Noticed Grinder
  4718 | D:6      | Reached **** piety under Cheibriados
  4732 | D:6      | Killed Grinder
  4938 | D:6      | Reached skill level 5 in Dodging
  4938 | D:6      | Reached XP level 9. HP: 62/74 MP: 8/8
  5103 | D:6      | Found a sparkling altar of Nemelex Xobeh.
  5207 | D:6      | Reached skill level 1 in Evocations
  5389 | D:7      | Upgraded the game from 0.26-a0-976-gd3b5134375 to
                  | 0.26-a0-996-g6b303dbc09
  5594 | D:7      | Reached skill level 11 in Axes
  6101 | D:8      | Noticed a two-headed ogre
  6111 | D:7      | Killed a two-headed ogre
  6371 | D:8      | Reached ***** piety under Cheibriados
  6675 | D:8      | Got a jewelled ring mail
  6865 | D:8      | Noticed Erica
  6881 | D:8      | Reached XP level 10. HP: 68/81 MP: 9/9
  6892 | D:8      | Killed Erica
  6893 | D:8      | Reached skill level 12 in Axes
  7281 | D:8      | Found an ornate altar of the Wu Jian Council.
  7282 | D:8      | Found a glowing golden altar of the Shining One.
  7880 | D:9      | Noticed a red ugly thing
  7891 | D:9      | Reached skill level 5 in Evocations
  7891 | D:9      | Killed a red ugly thing
  7892 | D:9      | Reached skill level 1 in Invocations
  7892 | D:9      | Noticed a cyclops
  7896 | D:9      | Hit by a large rock thrown by a cyclops

Illustrated notes

Levels and vault maps discovered:
D:1:      ebering_trefoil_3fold, layout_rooms, corexii_hall_statues_i
D:2:      layout_rooms, kennysheep_slug_shrine, elyvilon_altar_3
D:3:      layout_basic
D:4:      layout_loops_ring, nicolae_ru_great_annihilating_truth,
          amethyst_overflow_temple_binary, minmay_temple_entry_stoned_glass,
          yredelemnul_altar_generic
D:5:      layout_basic, bloody_trog, basic_altar, cheibrodos_sewer_entry_bend,
          serial_bayou_pond_d, nrook_loot_triangle, uniq_prince_ribbit1,
          uniq_duvessa, uniq_edmund, uniq_ijyb
D:6:      layout_loops_corners, nemelex_xobeh_ov_fountains_minmay, serial_shops,
          shop, st_stairs_13, uniq_blork_the_orc, uniq_grinder
D:7:      layout_basic
D:8:      statuecave_lemuel, layout_rooms, gammafunk_temple_overflow_pools,
          uniq_erica
D:9:      hangedman_cross_cluster, layout_grid_maze, kiku_gazebo_pond_becter,
          uniq_psyche, uniq_joseph
Temple:   minmay_temple_curvy_loop

Skill      XL: |  1  2  3  4  5  6  7  8  9 10 |
---------------+-------------------------------+-----
Axes           | 3 4 5 6 7 8 9 10 11 12 | 12.4
Fighting       | 4 5 |  5.4
Armour         | 4 5 |  5.0
Dodging        | 2 5 |  5.0
Shields        | 4 6 9 |  9.8
Evocations     | 4 5 |  5.0
Invocations    | 1 |  1.4

Action                   |  1- 3 |  4- 6 |  7- 9 | 10-12 || total
-------------------------+-------+-------+-------+-------++-------
Melee: War axe           |    78 |   160 |   243 |    44 ||   525
       Headbutt          |     7 |    24 |    70 |    15 ||   116
  Use: Scroll            |       |     3 |    16 |       ||    19
       Potion            |       |       |     2 |     2 ||     4
 Stab: Paralysed         |       |     1 |       |       ||     1
Armor: Scale mail        |    64 |    52 |       |       ||   116
       Chain mail        |       |    23 |    67 |    14 ||   104
       Plate armour      |       |       |     3 |       ||     3
Dodge: Dodged            |    35 |    64 |    95 |    27 ||   221
Block: Kite shield       |    53 |    92 |   128 |    35 ||   308

Table legend: (Time is in decaauts)
 A = Elapsed time spent in this place.
 B = Non-inter-level travel time spent in this place.
 C = Inter-level travel time spent in this place.
 D = Time resting spent in this place.
 E = Time spent auto-exploring this place.
 F = Levels seen in this place.
 G = Mean time per level.
                   A        B        C        D        E       F      G
               +--------+--------+--------+--------+--------+-----+--------+
         Total |  10778 |  10498 |    280 |      0 |   8435 |  11 |  979.8 |
       Dungeon |   9362 |   9115 |    247 |      0 |   7313 |   9 | 1040.2 |
        Temple |    291 |    258 |     33 |      0 |    257 |   1 |  291.0 |
         Sewer |   1125 |   1125 |      0 |      0 |    864 |   1 | 1125.0 |
               +--------+--------+--------+--------+--------+-----+--------+

Top non-repeatable levels by time:
     D:8: 2156 daAuts
     D:6: 1593 daAuts
     D:7: 1217 daAuts
   Sewer: 1125 daAuts
     D:4: 1053 daAuts
     D:5: 882 daAuts
     D:1: 770 daAuts
     D:2: 730 daAuts
     D:3: 631 daAuts
     D:9: 327 daAuts
  Temple: 291 daAuts
